[Event "*** Titled Tuesday Blitz"]
[Site "Chess.com"]
[Date "2021.02.09"]
[Round "3"]
[White "InitiatingASC"]
[Black "NicoChasin"]
[Result "0-1"]
[WhiteElo "2409"]
[BlackElo "2604"]
[TimeControl "180+1"]
[EndTime "10:27:59 PST"]
[Termination "NicoChasin won by resignation"]

1. d4 Nf6 2. c4 e6 3. Nc3 d5 4. e3 Bb4 5. Bd3 O-O 6. Ne2 dxc4 7. Bxc4 c5 8. a3 cxd4 9. axb4 dxc3 10. bxc3 Qxd1+ 11. Kxd1 Rd8+ 12. Ke1 Nbd7 13. Bb3 Ne5 14. Nd4 Nd3+ 15. Ke2 Nxc1+ 16. Rhxc1 e5 17. Nb5 a6 18. Nc7 Rb8 19. Rd1 Bd7 20. Nd5 Bb5+ 21. Kf3 Bc6 22.
e4 Kf8 23. Nxf6 gxf6 24. Bd5 Bxd5 25. Rxd5 Rxd5 26. exd5 Rc8 27. Rc1 Rc4 28. Ke3 Ke7 29. Kd3 Rh4 30. h3 Kd6 31. c4 b5 32. c5+ Kxd5 33.
c6 Rc4 34. Rxc4 bxc4+ 35. Kc3 Kxc6 36. Kxc4 Kd6 37. g4 h6 38. h4 Kc6 39. f3 Kd6 40. Kb3 Kd5 41. Ka4 Kc4 42. Ka5 Kb3 43. h5 Kc4 44.
Ka4 Kc3 45. Ka5 Kb3 46. Kxa6 Kxb4 47. Kb6 Kc4 48. Kc6 Kd4 49. Kd6 Ke3 50. Ke7 Kxf3 51.
Kxf7 e4 52. Kg6 e3 53. Kxh6 e2 54. Kg7 e1=Q 55. h6 Qe7+ 56. Kg6 Kxg4 57. h7 Qxh7+ 58. Kxh7 f5 0-1

[Event "*** Titled Tuesday Blitz"]
[Site "Chess.com"]
[Date "2021.02.09"]
[Round "3"]
[White "KetiGrant"]
[Black "IsaacWiebe"]
[Result "1-0"]
[WhiteElo "2346"]
[BlackElo "2164"]
[TimeControl "180+1"]
[EndTime "10:27:59 PST"]
[Termination "KetiGrant won by resignation"]

1. e4 e6 2. d4 d5 3. Nc3 Bb4 4. e5 c5 5. a3 Bxc3+ 6. bxc3 Ne7 7. a4 Nbc6 8. Nf3 Qa5 9. Bd2 Bd7 10. Be2 c4 11. O-O f6 12. Re1 O-O-O 13. Qc1 Qc7 14.
Qa3 Be8 15. Bf1 Bf7 16. g3 Ng6 17. exf6 gxf6 18. Bh3 Rhe8 19. Bh6 Bg8 20. a5 a6 21. Qc5 Kb8 22. Reb1 e5 23. Rb6 Qd6 24. Qxd6+ Rxd6 25. Rab1 Re7 26. Rxa6 Kc7 27. Rab6 Kb8 28. a6 Nd8 29. Rxd6 1-0

[Event "*** Titled Tuesday Blitz"]
[Site "Chess.com"]
[Date "2021.02.09"]
[Round "3"]
[White "Fandorine"]
[Black "Chessmasterzt"]
[Result "1-0"]
[WhiteElo "2865"]
[BlackElo "2621"]
[TimeControl "180+1"]
[EndTime "10:28:00 PST"]
[Termination "Fandorine won by checkmate"]

1. d4 Nf6 2. c4 c5 3. d5 e5 4. Nc3 d6 5. Nf3 Nbd7 6. e4 Be7 7. Be2 Nf8 8. a3 Ng6 9. h4 h5 10. g3 a6 11. Ng5 Ng4 12. Bd2 Rb8 13. Qc2 Bd7 14.
a4 b6 15. f3 Nh6 16. O-O-O b5 17. cxb5 axb5 18. Nxb5 f5 19. Ne6 Bxe6 20. dxe6 f4 21. gxf4 Nxf4 22. Bxf4 exf4 23. e5 d5 24. Rxd5 Qc8 25.
Qg6+ Kf8 26. Rg1 Rg8 27. Nd6 Qc6 28. Qe4 Qb6 29. Bb5 Qa5 30. Qxf4+ Bf6 31. exf6 Qb4 32.
e7# 1-0

[Event "*** Titled Tuesday Blitz"]
[Site "Chess.com"]
[Date "2021.02.09"]
[Round "3"]
[White "gross-aleks"]
[Black "TeukkaSalama"]
[Result "1-0"]
[WhiteElo "2565"]
[BlackElo "2390"]
[TimeControl "180+1"]
[EndTime "10:28:02 PST"]
[Termination "gross-aleks won on time"]

1. c4 e5 2. g3 d6 3. Nc3 Be7 4. Bg2 c6 5. Nf3 Nf6 6. e4 O-O 7. O-O Nbd7 8. d4 a6 9. d5 cxd5 10. cxd5 b5 11. Nd2 Nb6 12. a4 b4 13. Ncb1 a5 14. Re1 Ba6 15. Nb3 Bc4 16. N1d2 Bd3 17. Nf1 Bxf1 18. Bxf1 Nfd7 19. Bb5 f5 20. exf5 Rxf5 21.
Bc6 Ra7 22. Be3 Bg5 23. Qg4 Qf6 24. Bxd7 Rxd7 25. Bxb6 Rf7 26. Qe2 h5 27. Nxa5 h4 28. Nc4 h3 29. a5 Rf3 30. a6 Bh4 31. a7 Qg5 32. a8=Q+ Kh7 33. Qe4+ g6 34. Qxh4+ 1-0

[Event "*** Titled Tuesday Blitz"]
[Site "Chess.com"]
[Date "2021.02.09"]
[Round "3"]
[White "tan275"]
[Black "skoularikii"]
[Result "0-1"]
[WhiteElo "2238"]
[BlackElo "2496"]
[TimeControl "180+1"]
[EndTime "10:28:02 PST"]
[Termination "skoularikii won on time"]

1. d4 d5 2. c4 c6 3. Nf3 Nf6 4. e3 Bf5 5. Bd3 Bxd3 6. Qxd3 e6 7.
O-O Be7 8. Nbd2 O-O 9. e4 dxe4 10.
Nxe4 Nxe4 11. Qxe4 Nd7 12. Qe2 Re8 13. Rd1 Qc7 14.
Be3 Bf6 15. Rac1 e5 16. d5 e4 17. Nd4 Ne5 18. Nf5 Nd3 19. Rc2 Qe5 20. Qg4 cxd5 21.
g3 g6 22. Nh6+ Kg7 23. cxd5 Qxd5 24. Rc5 Qe6 25. Nf5+ Kh8 26. Bh6 Nxc5 0-1

[Event "*** Titled Tuesday Blitz"]
[Site "Chess.com"]
[Date "2021.02.09"]
[Round "3"]
[White "Matensien"]
[Black "Volodar_Murzin"]
[Result "1-0"]
[WhiteElo "2410"]
[BlackElo "2607"]
[TimeControl "180+1"]
[EndTime "10:28:03 PST"]
[Termination "Matensien won on time"]

1. d4 Nf6 2. c4 g6 3. Nf3 Bg7 4. Nc3 O-O 5. e4 d6 6. Be2 e5 7.
O-O Nc6 8. Be3 Ng4 9. Bg5 f6 10. Bh4 h5 11. dxe5 g5 12. exf6 Bxf6 13. Bxg5 Be6 14. Bxf6 Qxf6 15. Nd5 Qg7 16. Nh4 Nd4 17. h3 Nh6 18. Bxh5 Bxh3 19. Ng6 Be6 20. Nxc7 Bg4 21.
Bxg4 Qxg6 22. Qxd4 Nxg4 23. Qd5+ Kh8 24. Nxa8 Qh6 25.
Qg8+ 1-0

[Event "*** Titled Tuesday Blitz"]
[Site "Chess.com"]
[Date "2021.02.09"]
[Round "3"]
[White "night_player"]
[Black "ehrenfeld"]
[Result "0-1"]
[WhiteElo "2267"]
[BlackElo "2509"]
[TimeControl "180+1"]
[EndTime "10:28:03 PST"]
[Termination "ehrenfeld won by resignation"]

1. e4 e5 2. Nf3 Nc6 3. Bb5 a6 4. Ba4 Nf6 5. O-O Be7 6. c3 Nxe4 7. Re1 Nc5 8. Bc2 e4 9. Bxe4 Nxe4 10. Rxe4 O-O 11. h3 d5 12. Re1 d4 13. d3 dxc3 14. bxc3 Bf5 15. d4 Bf6 16. Nbd2 Qd7 17. Nf1 Rfe8 18. Ng3 Bg6 19. Bg5 Rxe1+ 20. Qxe1 Re8 21. Qd2 Bxg5 22. Nxg5 h6 23. Nf3 Qd5 24. Re1 Rxe1+ 25.
Qxe1 Qxa2 26. Qe8+ Kh7 27. Qd7 Qa1+ 28. Kh2 Qxc3 29.
Qxc7 Qb3 30. Qd7 Qb5 31. d5 Nb4 32. Qxb5 axb5 33. d6 Nc6 34. d7 b4 35. Nd4 Nd8 36. Nge2 Kg8 37. Kg3 Kf8 38. Kf4 Ke7 39. Ke5 Kxd7 40.
Kd5 Nc6 41. Kc4 Ne5+ 42. Kxb4 Nd3+ 43. Kb5 Nxf2 44. Ng3 Ne4 45. Ngf5 Bxf5 46. Nxf5 Nd6+ 0-1

[Event "*** Titled Tuesday Blitz"]
[Site "Chess.com"]
[Date "2021.02.09"]
[Round "3"]
[White "boasovietica"]
[Black "RafalBRC"]
[Result "1-0"]
[WhiteElo "2472"]
[BlackElo "2080"]
[TimeControl "180+1"]
[EndTime "10:28:04 PST"]
[Termination "boasovietica won by checkmate"]

1. e4 e6 2. d4 d5 3. Nd2 dxe4 4.
Nxe4 Nd7 5. Nf3 Ngf6 6. Bg5 Be7 7.
Bxf6 Nxf6 8. Bd3 Nxe4 9. Bxe4 c6 10. h4 Qb6 11. O-O Qxb2 12. Ne5 Bf6 13. Rb1 Qxa2 14. Qh5 Bxe5 15. dxe5 Qc4 16. Qg4 g6 17. h5 gxh5 18.
Qf4 b6 19. Rb4 Qc5 20. Rd1 Bb7 21. Rbd4 Qe7 22. Rd7 Qxd7 23. Rxd7 Kxd7 24. Qxf7+ Kc8 25. Qxe6+ Kc7 26. Qe7+ Kb8 27. Qd6+ Kc8 28. Bf5# 1-0

[Event "*** Titled Tuesday Blitz"]
[Site "Chess.com"]
[Date "2021.02.09"]
[Round "3"]
[White "Pantata007"]
[Black "bsnsun"]
[Result "0-1"]
[WhiteElo "2232"]
[BlackElo "2445"]
[TimeControl "180+1"]
[EndTime "10:28:04 PST"]
[Termination "bsnsun won on time"]

1. d4 Nf6 2. c4 e6 3. Nc3 d5 4.
cxd5 exd5 5. Bg5 Be7 6. e3 c6 7. Bd3 g6 8. Nge2 Nbd7 9. O-O Nh5 10. Bxe7 Qxe7 11. Qc2 O-O 12. Rae1 Nb6 13. h3 Bd7 14. e4 dxe4 15. Nxe4 Nd5 16. a3 Rae8 17. Nc5 Bc8 18. Ng3 Qxe1 19. Rxe1 Rxe1+ 20. Kh2 Nhf4 21. Nge4 Nxd3 22. Qxd3 Bf5 23. g4 Bxe4 24. Nxe4 Re8 25. f3 f5 26. Nd6 R8e2+ 27. Kg3 f4+ 28. Kh4 Re6 29. Nxb7 h6 30. Nc5 g5+ 31. Kh5 Kg7 32. Nxe6+ Rxe6 0-1

[Event "*** Titled Tuesday Blitz"]
[Site "Chess.com"]
[Date "2021.02.09"]
[Round "3"]
[White "niki_2003"]
[Black "ViktoriyaTarasova"]
[Result "0-1"]
[WhiteElo "2057"]
[BlackElo "2308"]
[TimeControl "180+1"]
[EndTime "10:28:04 PST"]
[Termination "ViktoriyaTarasova won by resignation"]

1. d4 Nf6 2. c4 e6 3. Nc3 Bb4 4. Qc2 d5 5. Bg5 h6 6. Bxf6 Qxf6 7. e3 O-O 8. Nf3 c5 9. O-O-O cxd4 10. Nxd4 Bxc3 11.
Qxc3 dxc4 12. Bxc4 Bd7 13. Kb1 Rc8 14. Qd3 a6 15. f3 Nc6 16. Ne2 Ne5 17. Qd6 Rxc4 18. f4 Ba4 19. fxe5 Qf5+ 20. Qd3 Bxd1 21. Rxd1 Rd8 22.
Nd4 Qxd3+ 23. Rxd3 Rc5 24. Rb3 b5 25. Rd3 Rxe5 26.
Rc3 Red5 27. Kc2 e5 28. Nf3 f6 29. h3 h5 30. Kb3 a5 31. a3 b4 32. Ka2 bxc3 33. bxc3 Rd3 34. Kb3 Rxe3 0-1

[Event "*** Titled Tuesday Blitz"]
[Site "Chess.com"]
[Date "2021.02.09"]
[Round "3"]
[White "Indianlad"]
[Black "sorrm8thatscheckm8"]
[Result "0-1"]
[WhiteElo "2898"]
[BlackElo "2571"]
[TimeControl "180+1"]
[EndTime "10:28:05 PST"]
[Termination "sorrm8thatscheckm8 won by checkmate"]

1. b3 Nf6 2. Bb2 g6 3. g3 Bg7 4.
Bg2 O-O 5. c4 d6 6. d4 e5 7.
dxe5 Ng4 8. Nf3 Nc6 9. Nc3 Ngxe5 10. O-O Be6 11. Qd2 Rb8 12. Rac1 a6 13. Nd5 Nxf3+ 14.
Bxf3 Bxb2 15. Qxb2 Bxd5 16. Bxd5 Ne7 17. Bf3 Qd7 18.
Rfd1 Qe6 19. h4 Nc6 20. c5 Ne5 21. cxd6 Nxf3+ 22. exf3 cxd6 23. Rd4 Rbc8 24. Rcd1 Rc6 25. h5 gxh5 26. Rd5 f5 27. Qd4 Rf6 28. Qf4 Kg7 29. Kg2 h6 30. R5d3 Qe5 31. Qb4 Qb5 32. Qe1 f4 33. Rd5 Qb6 34. R1d2 fxg3 35. fxg3 Qc7 36. Rxh5 Rc2 37. Rd5 Qc3 38. Rd3 Qxd3 39. Rxc2 Qxc2+ 40. Kh3 Qf5+ 41. Kh2 Qxf3 42. Qe7+ Rf7 43. Qxd6 Qf2+ 44.
Kh3 Qf1+ 45. Kh2 Rf2# 0-1

[Event "*** Titled Tuesday Blitz"]
[Site "Chess.com"]
[Date "2021.02.09"]
[Round "3"]
[White "miredenizdogan"]
[Black "Deepweb2020"]
[Result "1-0"]
[WhiteElo "2266"]
[BlackElo "2467"]
[TimeControl "180+1"]
[EndTime "10:28:05 PST"]
[Termination "miredenizdogan won by checkmate"]

1. d4 Nf6 2. c4 e6 3. Nf3 Bb4+ 4. Bd2 Qe7 5. a3 Bxd2+ 6. Qxd2 d6 7. Nc3 e5 8. e3 c6 9. O-O-O Bg4 10. dxe5 dxe5 11.
Be2 Nbd7 12. Ng5 Nc5 13. Kb1 Bf5+ 14. e4 Nfxe4 15. Ngxe4 Nxe4 16. Nxe4 Bxe4+ 17. Ka1 O-O 18. Qe3 Bg6 19. g4 b6 20. h4 h6 21. f4 f5 22. gxf5 Bxf5 23. Rhg1 Rae8 24. Bh5 exf4 25. Qxf4 Qe5 26. Qxh6 Re7 27. Qxc6 Be4 28. Qh6 Re6 29. Qg5 Rf5 30. Rd8+ Rf8 31. Bf7+ Kxf7 32. Rd7+ Re7 33. Qxe5 Rxd7 34. Rxg7# 1-0

[Event "*** Titled Tuesday Blitz"]
[Site "Chess.com"]
[Date "2021.02.09"]
[Round "3"]
[White "lamomiablanca"]
[Black "WilliamSchill"]
[Result "1-0"]
[WhiteElo "2276"]
[BlackElo "1965"]
[TimeControl "180+1"]
[EndTime "10:28:05 PST"]
[Termination "lamomiablanca won on time"]

1. e4 c5 2. d3 Nc6 3. g3 g6 4. Bg2 Bg7 5. f4 d6 6. Nf3 e5 7. O-O Nge7 8. Nc3 O-O 9. f5 gxf5 10. Nh4 Nd4 11. Bg5 f6 12. Be3 Qe8 13. exf5 Ndxf5 14. Nxf5 Nxf5 15. Bd5+ Kh8 16. Bd2 Be6 17. Bxb7 Rb8 18.
Be4 Nd4 19. b3 f5 20. Bd5 Qg6 21. Bxe6 Nxe6 22. Nd5 f4 23. Kg2 fxg3 24. hxg3 Nf4+ 25. Nxf4 exf4 26. Bxf4 Bxa1 27. Qxa1+ Kg8 28. Qd1 Rbe8 29. Rf2 d5 30. Qd2 d4 31. Qa5 Qc6+ 32. Kh2 Re6 33.
Qd2 Rfe8 34. Rg2 Qd7 35. Bh6 1-0

[Event "*** Titled Tuesday Blitz"]
[Site "Chess.com"]
[Date "2021.02.09"]
[Round "3"]
[White "ShapkinAnatoliy"]
[Black "Firouzja2003"]
[Result "0-1"]
[WhiteElo "2711"]
[BlackElo "3026"]
[TimeControl "180+1"]
[EndTime "10:28:06 PST"]
[Termination "Firouzja2003 won by resignation"]

1. d4 Nf6 2. c4 e6 3. g3 g6 4. Nf3 Bg7 5. Bg2 O-O 6. O-O d6 7. Nc3 Nc6 8. d5 exd5 9. cxd5 Nb4 10. e4 Re8 11. Re1 Bg4 12. a3 Na6 13. h3 Bxf3 14. Bxf3 Nd7 15. Bg2 Nac5 16. Be3 a5 17. Qc2 a4 18.
Rad1 Qb8 19. Bd4 Bxd4 20. Rxd4 Qa7 21. Red1 Nf6 22. Rb4 Re7 23. Kh2 h5 24. f4 Rae8 25.
Nb5 Qa5 26. e5 Nfd7 27. exd6 Re2 28. Qc4 cxd6 29. Nxd6 R8e3 30. Nxb7 Nxb7 31. Rxb7 Qd8 32. Qb5 Qe8 33. Qxd7 Rxg2+ 34. Kxg2 Qe4+ 35. Kf1 Qf3+ 36. Kg1 Qxd1+ 37. Kg2 Qd2+ 0-1

[Event "*** Titled Tuesday Blitz"]
[Site "Chess.com"]
[Date "2021.02.09"]
[Round "3"]
[White "QuintilianoR"]
[Black "Darius321"]
[Result "1-0"]
[WhiteElo "2680"]
[BlackElo "2266"]
[TimeControl "180+1"]
[EndTime "10:28:06 PST"]
[Termination "QuintilianoR won by resignation"]

1. Nf3 d5 2. e3 c5 3. c4 e6 4. d4 cxd4 5. exd4 Nf6 6. Nc3 Be7 7. cxd5 Nxd5 8. Bd3 O-O 9. O-O Nc6 10. Re1 Bf6 11. Be4 Nce7 12. a3 b6 13. Qd3 g6 14. Bh6 Bg7 15.
Bg5 f6 16. Bd2 Bb7 17. Rad1 a6 18. h4 Qd6 19. h5 f5 20. Bxd5 Nxd5 21. Nxd5 Qxd5 22.
hxg6 hxg6 23. Bf4 Rfd8 24. Qe3 Re8 25. Be5 Rad8 26. Qg5 Kh7 27. Nh4 Bxe5 28. Qxg6+ Kh8 29.
Rxe5 Qxe5 30. Qh5+ Kg8 31. dxe5 1-0

[Event "*** Titled Tuesday Blitz"]
[Site "Chess.com"]
[Date "2021.02.09"]
[Round "3"]
[White "mbachez"]
[Black "misterlamine"]
[Result "0-1"]
[WhiteElo "2468"]
[BlackElo "2274"]
[TimeControl "180+1"]
[EndTime "10:28:07 PST"]
[Termination "misterlamine won by resignation"]

1. d4 Nf6 2. c4 g6 3. Nf3 Bg7 4. Nc3 O-O 5. e4 d6 6. Be2 Nbd7 7. O-O e5 8. Re1 exd4 9. Nxd4 Nc5 10. Bf1 Re8 11. f3 Bd7 12. Bf4 Nh5 13. Be3 Be5 14.
Nde2 f5 15. f4 Bg7 16. e5 Bc6 17. g3 Nd7 18. Nd4 dxe5 19. Nxc6 bxc6 20. fxe5 Nxe5 21.
Bg2 Qf6 22. Bd4 Rad8 23. Bxe5 Rxd1 24. Raxd1 Rxe5 25. Rd8+ Qxd8 0-1

[Event "*** Titled Tuesday Blitz"]
[Site "Chess.com"]
[Date "2021.02.09"]
[Round "3"]
[White "Evgeny81"]
[Black "Tactictic"]
[Result "1-0"]
[WhiteElo "2741"]
[BlackElo "2416"]
[TimeControl "180+1"]
[EndTime "10:28:08 PST"]
[Termination "Evgeny81 won by resignation"]

1. e4 e5 2. Nf3 Nc6 3. Bb5 a6 4. Ba4 Nf6 5. O-O Be7 6. d3 b6 7.
Bxc6 dxc6 8. Nxe5 Bb7 9. f4 O-O 10. Nc3 c5 11. Kh1 Bd6 12. Nc4 b5 13. Na5 Qc8 14.
Nxb7 Qxb7 15. e5 Bxe5 16. fxe5 Nd7 17. Bf4 Rae8 18. Qh5 g6 19. Qh6 Nxe5 20. Bxe5 Rxe5 21. Ne4 f5 22. Ng5 c6 23. Rae1 Rfe8 24. Nf3 Rxe1 25.
Rxe1 Rxe1+ 26. Nxe1 Qe7 27. Qd2 Qe6 28. b3 Qe5 29. Nf3 Qa1+ 30. Qe1 Qxa2 31. Qe6+ Kg7 32. Qe7+ Kg8 33. Qxc5 Qb1+ 34. Ng1 a5 35. Qxc6 b4 36. h3 f4 37. Kh2 Qe1 38. Qc4+ Kg7 39. Qd4+ Kg8 40. Qxf4 a4 41. bxa4 Qc3 42. Qc4+ 1-0

[Event "*** Titled Tuesday Blitz"]
[Site "Chess.com"]
[Date "2021.02.09"]
[Round "3"]
[White "szachuspl"]
[Black "Dave_ChessMate"]
[Result "0-1"]
[WhiteElo "2532"]
[BlackElo "2381"]
[TimeControl "180+1"]
[EndTime "10:28:09 PST"]
[Termination "Dave_ChessMate won by resignation"]

1. d4 Nf6 2. c4 c5 3. d5 e6 4. Nc3 exd5 5. cxd5 d6 6. Nf3 g6 7. Bf4 Bg7 8. e3 O-O 9. h3 b6 10. Nd2 Ba6 11. Bxa6 Nxa6 12. Nc4 Ne8 13. O-O Nac7 14. a4 Rb8 15. e4 a6 16. Re1 b5 17. Na5 Qf6 18. Nc6 Qxf4 19. Nxb8 b4 20. Ne2 Qxe4 21. Nd7 Bxb2 22. Rb1 Bg7 23. Nxc5 dxc5 24. d6 Nd5 25. d7 Nef6 26. Ng3 Qd4 27. Qxd4 cxd4 28. Ne4 Nxd7 29.
a5 Rb8 30. Nd2 Nc3 31. Rb2 Nc5 32. Re7 Bf8 33. Rc7 Nd3 34. Rb3 Re8 35. Nf3 Nc1 36.
Rb2 d3 37. Kh2 Bd6+ 0-1

[Event "*** Titled Tuesday Blitz"]
[Site "Chess.com"]
[Date "2021.02.09"]
[Round "3"]
[White "verdest"]
[Black "paladin_ll"]
[Result "1-0"]
[WhiteElo "2473"]
[BlackElo "2147"]
[TimeControl "180+1"]
[EndTime "10:28:09 PST"]
[Termination "verdest won by checkmate"]

1. d4 Nf6 2. c4 c5 3. d5 b5 4.
cxb5 a6 5. bxa6 Bxa6 6. Nc3 d6 7. e4 Bxf1 8. Kxf1 g6 9. g3 Bg7 10. Kg2 O-O 11. Nf3 Nbd7 12. a4 Rb8 13. Qc2 Ng4 14.
Bd2 Nge5 15. Nxe5 Nxe5 16. Nb5 Nd7 17. Bc3 Nf6 18. Rhe1 Ne8 19. Rad1 Nc7 20. Bxg7 Kxg7 21. Qc3+ f6 22. Na7 Qd7 23. Nc6 Rb7 24. b3 Na6 25. f4 Nb4 26. Na5 Rbb8 27. Nc4 Qb7 28.
Re3 Na2 29. Qd2 Nb4 30. e5 Qc7 31. exd6 exd6 32. Rde1 Rf7 33. Re6 Rd8 34. a5 Qb7 35. Nxd6 Rxd6 36. Rxd6 h5 37. Kg1 h4 38. gxh4 Qc8 39.
Rde6 Qh8 40. Re7 Qxh4 41. Rxf7+ Kxf7 42. d6 Nd3 43. Re7+ Kf8 44. Qxd3 Qg4+ 45. Qg3 Qd1+ 46. Re1 Qd4+ 47. Qe3 Qxd6 48. Qe8+ Kg7 49. Re7+ Kh6 50.
Qh8# 1-0

[Event "*** Titled Tuesday Blitz"]
[Site "Chess.com"]
[Date "2021.02.09"]
[Round "3"]
[White "C_K_G"]
[Black "NaciSAN"]
[Result "1-0"]
[WhiteElo "2101"]
[BlackElo "2300"]
[TimeControl "180+1"]
[EndTime "10:28:10 PST"]
[Termination "C_K_G won by resignation"]

1. e4 e5 2. Nf3 Nc6 3. Bc4 Bc5 4.
c3 Nf6 5. d4 exd4 6. cxd4 Bb4+ 7. Nc3 Nxe4 8. O-O Bxc3 9. d5 O-O 10. bxc3 Ne7 11. Bd3 Nf6 12. c4 d6 13. Bg5 Ng6 14. h4 h6 15. h5 Nh8 16. Bh4 Bg4 17. Qc2 Bxh5 18. Bh7+ Nxh7 19. Bxd8 Raxd8 20. Nd4 Nf6 21. Nf5 Rfe8 22. Ng3 Bg6 23. Qb3 b6 24.
Rfe1 Bh7 25. a4 Ng6 26. a5 Ne5 27. axb6 axb6 28. Qb5 Kf8 29. f3 Bd3 30. Rec1 g5 31. Rc3 Nfd7 32. Ra7 Rc8 33. Rxd3 Nxd3 34. Qxd7 Re1+ 35.
Kh2 Rce8 36. Rxc7 R1e7 37. Qxd6 1-0

[Event "*** Titled Tuesday Blitz"]
[Site "Chess.com"]
[Date "2021.02.09"]
[Round "3"]
[White "KononenkoD"]
[Black "CM_rui"]
[Result "1-0"]
[WhiteElo "2536"]
[BlackElo "2362"]
[TimeControl "180+1"]
[EndTime "10:28:11 PST"]
[Termination "KononenkoD won by resignation"]

1. d4 Nf6 2. c4 e6 3. g3 Bb4+ 4. Bd2 Qe7 5. Bg2 O-O 6. e4 Bxd2+ 7. Qxd2 c5 8. Ne2 Nc6 9. O-O d6 10. Nbc3 a6 11. Rad1 cxd4 12. Nxd4 Ne5 13. b3 Rd8 14. f4 Nc6 15. Nxc6 bxc6 16. e5 Ng4 17. h3 Qa7+ 18.
Kh1 Ne3 19. exd6 Nxf1 20. Rxf1 Bb7 21. f5 c5 22. Ne4 exf5 23. Rxf5 Bc6 24. Nxc5 Bxg2+ 25. Kxg2 Qb6 26. Ne4 Qc6 27. Qd5 Qd7 28. c5 Rac8 29.
b4 a5 30. a3 axb4 31. axb4 Ra8 32. c6 Ra2+ 33. Kf3 Qa7 34. c7 Rf8 35. Qxf7+ 1-0

[Event "*** Titled Tuesday Blitz"]
[Site "Chess.com"]
[Date "2021.02.09"]
[Round "3"]
[White "Rogarcia1"]
[Black "SkippingLaptop"]
[Result "0-1"]
[WhiteElo "2276"]
[BlackElo "2063"]
[TimeControl "180+1"]
[EndTime "10:28:11 PST"]
[Termination "SkippingLaptop won on time"]

1. e4 c5 2. Nf3 Nc6 3. Bb5 g6 4. Bxc6 dxc6 5. d3 Bg7 6. h3 e5 7. O-O Qc7 8. a4 Ne7 9. Nbd2 O-O 10. Nc4 h6 11. a5 Be6 12. b3 g5 13. Bb2 Ng6 14.
Ne3 Qd7 15. Kh2 Nf4 16. Nxe5 Qd6 17. N5c4 Qc7 18. e5 Qd7 19. Qf3 f6 20. Ng4 fxe5 21.
Ncxe5 Qc7 22. Rae1 Rae8 23. Qg3 Bxg4 24. hxg4 Rxe5 25. Bxe5 Bxe5 0-1

[Event "*** Titled Tuesday Blitz"]
[Site "Chess.com"]
[Date "2021.02.09"]
[Round "3"]
[White "andrzej"]
[Black "KNCP_719"]
[Result "1-0"]
[WhiteElo "2337"]
[BlackElo "2582"]
[TimeControl "180+1"]
[EndTime "10:28:12 PST"]
[Termination "andrzej won on time"]

1. e4 Nf6 2. e5 Nd5 3. d4 d6 4. Nf3 g6 5. Bc4 Nb6 6. Bb3 Bg7 7. Ng5 e6 8. f4 dxe5 9. dxe5 Qxd1+ 10. Kxd1 Bd7 11. Nc3 Bc6 12. Nge4 N8d7 13. Be3 O-O-O 14. Ke2 g5 15. Nxg5 Rdf8 16. Rhg1 Nd5 17. Nxd5 exd5 18. Rad1 h6 19. Nf3 Bb5+ 20. Kf2 c6 21. Nd4 Ba6 22.
Nf5 Rhg8 23. Ne7+ Kc7 24. Nxg8 Rxg8 25. g4 Nf8 26. c3 f6 27. Bd4 Ne6 28. exf6 Nxd4 29.
fxg7 Ne2 30. Rge1 Nxf4 31. Re7+ Kd6 32. Rf7 Nd3+ 33. Kg3 Ne5 34. Rf6+ Ke7 35. Rxh6 Nd3 36. Bc2 Nc5 37. Re1+ Kf7 38. b4 Ne4+ 39. Bxe4 dxe4 40. Rxe4 Rxg7 41. Rhe6 Kg8 42. Re8+ 1-0

[Event "*** Titled Tuesday Blitz"]
[Site "Chess.com"]
[Date "2021.02.09"]
[Round "3"]
[White "Kretov_Evgenij"]
[Black "igorcadilhac"]
[Result "0-1"]
[WhiteElo "2495"]
[BlackElo "2303"]
[TimeControl "180+1"]
[EndTime "10:28:12 PST"]
[Termination "igorcadilhac won by resignation"]

1. d4 Nf6 2. c4 e6 3. Nc3 Bb4 4. Bg5 O-O 5. e3 b6 6. Bd3 Bb7 7. f3 c5 8. Ne2 cxd4 9. Nxd4 Nc6 10. Qc2 h6 11. Bh4 Nxd4 12. exd4 d5 13. cxd5 Qxd5 14.
Bxf6 gxf6 15. a3 Bxc3+ 16. bxc3 Rac8 17. O-O f5 18. a4 Qa5 19. Rfc1 Rfd8 20. Qb3 Bd5 21. c4 Bb7 22. d5 exd5 23. Bxf5 dxc4 24. Qc2 Rd2 25. Qc3 Rd1+ 26. Kf2 Qxc3 27. Rxc3 Rxa1 28.
Bxc8 Bxc8 29. Rxc4 Be6 30. Rd4 Kg7 31. g4 Kf6 32. h4 Ke5 33. Re4+ Kf6 34. Kg3 Bd7 35. Rd4 Bxa4 36. Rd6+ Kg7 37. g5 hxg5 38. hxg5 Bb3 39. Kf4 Be6 40. Rc6 Ra4+ 41. Kg3 Ra5 42.
f4 Ra3+ 43. Kf2 Kg6 0-1

[Event "*** Titled Tuesday Blitz"]
[Site "Chess.com"]
[Date "2021.02.09"]
[Round "3"]
[White "juli2512"]
[Black "CakeinSpace2002"]
[Result "0-1"]
[WhiteElo "2176"]
[BlackElo "2352"]
[TimeControl "180+1"]
[EndTime "10:28:12 PST"]
[Termination "CakeinSpace2002 won by resignation"]

1. e4 g6 2. d4 Bg7 3. Nc3 d6 4. h3 a6 5. Be3 b5 6. a3 Bb7 7. f3 Nd7 8. Qd2 Rc8 9. g4 c5 10. Nge2 Nb6 11. b3 cxd4 12. Nxd4 Nf6 13. Bg2 O-O 14.
O-O Nfd7 15. Rad1 Qc7 16. Nb1 Bxd4 17. Bxd4 Qxc2 18. Qh6 f6 19. h4 e5 20. Bf2 Qxb3 21.
h5 Qf7 22. Rxd6 Nc4 23. Rdd1 g5 24. Rfe1 Rfd8 25. Bf1 Nf8 26. Nc3 Nxa3 27. Nd5 Bxd5 28. exd5 Qg7 29. Qxg7+ Kxg7 30. Bb6 Rd7 31. Ba5 Nc4 32.
Bb4 Rcd8 33. Bxc4 bxc4 34. d6 Kf7 35. Rc1 Rc8 36. Re4 Rb7 37. Rexc4 Rxc4 38. Rxc4 Ke6 39. Kf2 Nd7 40. h6 Rb5 41. Ke3 Nb6 42. Re4 Nd5+ 43. Kf2 0-1

[Event "*** Titled Tuesday Blitz"]
[Site "Chess.com"]
[Date "2021.02.09"]
[Round "3"]
[White "GameOverBro"]
[Black "Sanyura"]
[Result "0-1"]
[WhiteElo "2422"]
[BlackElo "2651"]
[TimeControl "180+1"]
[EndTime "10:28:13 PST"]
[Termination "Sanyura won by resignation"]

1. e4 c5 2. Ne2 e6 3. Nbc3 Nc6 4.
d4 cxd4 5. Nxd4 Nf6 6. Nxc6 bxc6 7. Bd3 d5 8. O-O Be7 9. Re1 O-O 10. e5 Nd7 11. Qg4 g6 12. Bh6 Re8 13. Na4 Rb8 14. b3 Rb4 15. c4 Ba6 16. Bd2 Rb8 17. Rac1 Ba3 18. Rc2 Bf8 19. h4 Bg7 20. Qg3 dxc4 21. bxc4 Nxe5 22. Bf1 Bxc4 23. Bf4 Bxf1 24. Bxe5 Qa5 25.
Bxb8 Qxe1 26. Kh2 Qb4 27. Nc3 Qxb8 0-1

[Event "*** Titled Tuesday Blitz"]
[Site "Chess.com"]
[Date "2021.02.09"]
[Round "3"]
[White "onnoelgersma"]
[Black "enriquebutti"]
[Result "1-0"]
[WhiteElo "2475"]
[BlackElo "2178"]
[TimeControl "180+1"]
[EndTime "10:28:16 PST"]
[Termination "onnoelgersma won by resignation"]

1. e4 c5 2. Nf3 d6 3. Bb5+ Bd7 4.
a4 Nc6 5. Nc3 Nf6 6. O-O e6 7.
d4 cxd4 8. Nxd4 Be7 9. Be3 O-O 10. f4 Qc7 11. Qf3 a6 12. Bd3 Rfe8 13. Rae1 Nb4 14.
g4 Bc8 15. g5 Nd7 16. Qh5 g6 17. Qh6 e5 18. fxe5 Nxe5 19. Bf4 Qc5 20. Ne2 Nbxd3 21.
cxd3 Nxd3 22. Be3 Bf8 23. Qh4 Nxe1 24. Rxf7 h5 25. Qf2 Bg4 26. Qf6 Qe5 27. Qxg6+ Bg7 28. Bf4 1-0

[Event "*** Titled Tuesday Blitz"]
[Site "Chess.com"]
[Date "2021.02.09"]
[Round "3"]
[White "Fortitudine"]
[Black "FMOlexandrProhorov"]
[Result "1-0"]
[WhiteElo "2333"]
[BlackElo "2121"]
[TimeControl "180+1"]
[EndTime "10:28:17 PST"]
[Termination "Fortitudine won on time"]

1. c4 e5 2. g3 c6 3. d4 d6 4. Bg2 g6 5. Nc3 Bg7 6. Nf3 exd4 7. Nxd4 Nf6 8. O-O O-O 9. b3 Re8 10. e3 a5 11. Bb2 Na6 12. Qd2 Qc7 13. Rad1 Nc5 14.
h3 Qb6 15. Ba3 Nfe4 16. Nxe4 Nxe4 17. Qc1 d5 18. cxd5 cxd5 19. Bb2 a4 20. Qb1 Be6 21. Nxe6 fxe6 22. Bxg7 Kxg7 23. bxa4 Qxb1 24. Rxb1 Nd6 25. Rb4 Rec8 26. Rfb1 Kf6 27. h4 Ke7 28. Bh3 Ra5 29.
R1b2 Rac5 30. Kg2 Rc1 31. a5 R8c2 32. Rxc2 Rxc2 33. a6 bxa6 34. Ra4 Ne4 35. Rxa6 1-0